 Dungeon Crawl Stone Soup version 0.15-a0-1253-g15b4f57 (webtiles) character file.

261 MDvedh the Cudgeler (level 5, -4/61 HPs)
             Began as a Demonspawn Abyssal Knight on June 4, 2014.
             Was a Priest of Lugonu.
             Slain by MDvedh's ghost (7 damage)
             ... on Level 4 of the Dungeon.
             The game lasted 00:09:10 (3313 turns).

MDvedh the Cudgeler (Demonspawn Abyssal Knight)     Turns: 3313, Time: 00:09:10

HP  -4/61        AC 27     Str 13      XL: 5   Next: 96%
MP   6/6         EV  2     Int 13      God: Lugonu [***...]
Gold 177         SH  0     Dex 13      Spells:  0 memorised,  4 levels left

rFire  + . .     SeeInvis .     y - +0 mace (protect)
rCold  . . .     Clarity  .     c - melded +1 chain mail
rNeg   + + +     rCorr    .     (no shield)
rPois  +         rRot     .     (helmet restricted)
rElec  .         Spirit   .     (cloak currently unavailable)
SustAb .         Warding  .     (gloves currently unavailable)
rMut   .         NoTele   +     (boots currently unavailable)
Gourm  .                        m - amulet of rage
MR     .....                    j - ring of positive energy
                                w - ring of protection from fire

@: tree-form, not resistant to hostile enchantments, very unstealthy
A: (claws 0), (horns 0), demonic guardian 1
a: Depart the Abyss, Bend Space, Banish, Renounce Religion, Evoke Berserk Rage


You were on level 4 of the Dungeon.
You worshipped Lugonu.
Lugonu was most pleased with you.
You were very hungry.
You were an animated tree.
You visited 1 branch of the dungeon, and saw 4 of its levels.
You visited the Abyss 1 time.

You collected 177 gold pieces.

Inventory:

Hand weapons
 a - a +1,+1 mace
 y - a +0,+0 mace of protection (weapon)
Missiles
 d - 3 tomahawks (quivered)
Armour
 c - a +1 chain mail (melded)
Magical devices
 f - a wand of confusion (5)
Comestibles
 h - 2 beef jerkies
 s - a bread ration
 t - a slice of pizza
Scrolls
 b - a scroll of random uselessness
 e - a scroll of remove curse
 g - a scroll of enchant weapon I {unknown}
 u - 2 scrolls of magic mapping
 v - a scroll of teleportation
Jewellery
 j - a ring of positive energy (right branch)
 k - a +4 ring of intelligence
 m - an amulet of rage (around neck)
 w - a ring of protection from fire (left branch)
Potions
 n - a potion of might
 p - a potion of agility
 x - a potion of flight {unknown}


   Skills:
 - Level 3.0 Fighting
 + Level 5.7 Maces & Flails
 - Level 1.7 Armour
 - Level 0.8 Dodging
 - Level 2.4 Invocations


You had 4 spell levels left.
You didn't know any spells.

Dungeon Overview and Level Annotations

Branches:
Dungeon (4/15)
 Temple: D:4-7

Altars:
Ashenzari
Dithmenos
Elyvilon
Fedhas
Qazlal
Vehumet
Zin
The Shining One

Annotations:
D:4 MDvedh's ghost, experienced DsHu


Innate Abilities, Weirdness & Mutations

((You have very sharp fingernails.))*
((You have a pair of small horns on your head.))*
A weak demonic guardian rushes to your aid.


Message History

You are too injured to fight recklessly!
You hit MDvedh's ghost but do no damage.
MDvedh's ghost is severely damaged.
MDvedh's ghost hits you but does no damage.
You miss MDvedh's ghost.
MDvedh's ghost is severely damaged.
MDvedh's ghost hits you but does no damage.
You hit MDvedh's ghost.
MDvedh's ghost is almost destroyed.
You are feeling very hungry.
MDvedh's ghost hits you.
* * * LOW HITPOINT WARNING * * *
MDvedh's ghost hits you but does no damage.
You barely miss MDvedh's ghost.
MDvedh's ghost is almost destroyed.
MDvedh's ghost hits you but does no damage.
You closely miss MDvedh's ghost.
MDvedh's ghost is almost destroyed.
MDvedh's ghost hits you!
You die...

*** *,* *,* *,* *,* *,* *,*
*,* *,***,* *,,,,,*
########################,***,*
...........5............>* *,*
################♣#######.#**,*
#..W.........,,,*
#.#.#######.#**** ##########
#.#.#*, ,,,,* .........##
#.#.#*,,,,, * ########..#*
#.#.#*,,,,,,*
#..§#*,..#.#******,*
#..§##,..#.#**** *,*
#.§§.#,.....,, ***,*


You could see MDvedh's ghost and a friendly crimson imp.

Vanquished Creatures
  An ice beast (D:3)
  An orc wizard (D:3)
  A worker ant (D:4)
  Ijyb (D:2)
  3 adders
  A giant mite (D:1)
  3 worms
  An orc skeleton (D:4)
  2 oozes
  3 orcs (D:3)
  4 bats
  4 giant cockroaches
  3 goblins
  8 hobgoblins
  A giant gecko (D:2)
  7 giant newts
  5 jackals (D:2)
  4 kobolds
  12 rats
65 creatures vanquished.

Vanquished Creatures (collateral kills)
  A giant mite (D:1)
  A bat (D:2)
  A hobgoblin (D:2)
  A giant newt (D:2)
4 creatures vanquished.

Vanquished Creatures (others)
  3 crimson imps
  2 quasits
  An iron imp (D:4)
  3 white imps (D:4)
  3 ufetubi
12 creatures vanquished.

Grand Total: 81 creatures vanquished

Notes
Turn   | Place    | Note
--------------------------------------------------------------
     0 | Abyss:1  | MDvedh, the Demonspawn Abyssal Knight, began the quest for the Orb.
     0 | Abyss:1  | Reached XP level 1. HP: 18/18 MP: 1/1
    71 | D:1      | Escaped the Abyss
   145 | D:1      | Found a shattered altar of Ashenzari.
   188 | D:1      | Acquired Lugonu's first power
   221 | D:1      | Gained mutation: A weak demonic guardian rushes to your aid. [demonic ancestry]
   221 | D:1      | Reached XP level 2. HP: 16/24 MP: 2/2
   785 | D:2      | Gained mutation: You have a pair of small horns on your head. [demonic ancestry]
   785 | D:2      | Reached XP level 3. HP: 25/29 MP: 4/4
   974 | D:2      | Noticed Ijyb
   985 | D:2      | Acquired Lugonu's second power
  1002 | D:2      | HP: 1/29 [spatial distortion (1)]
  1246 | D:2      | Killed Ijyb
  1603 | D:2      | Gained mutation: You have sharp fingernails. [demonic ancestry]
  1603 | D:2      | Reached XP level 4. HP: 35/35 MP: 5/5
  1629 | D:2      | Reached skill level 4 in Maces & Flails
  1763 | D:2      | Found a blossoming altar of Fedhas.
  1976 | D:3      | Found a radiant altar of Vehumet.
  2088 | D:3      | Found a glowing silver altar of Zin.
  2182 | D:3      | Found a blossoming altar of Fedhas.
  2229 | D:3      | Found a white marble altar of Elyvilon.
  2382 | D:3      | Gained mutation: You have very sharp fingernails. [demonic ancestry]
  2382 | D:3      | Reached XP level 5. HP: 41/41 MP: 6/6
  2401 | D:3      | Acquired Lugonu's third power
  2413 | D:3      | Found a stormy altar of Qazlal.
  2485 | D:3      | Found a glowing golden altar of the Shining One.
  2760 | D:3      | Noticed an ice beast
  2775 | D:3      | Killed an ice beast
  2775 | D:3      | Reached skill level 5 in Maces & Flails
  3182 | D:4      | Found a shadowy altar of Dithmenos.
  3259 | D:4      | Noticed MDvedh's ghost (experienced DsHu)
  3311 | D:4      | HP: 2/61 [MDvedh's ghost (6)]
  3313 | D:4      | Slain by MDvedh's ghost

Action                   |  1- 3 |  4- 6 || total
-------------------------+-------+-------++-------
Melee: Mace              |   146 |   163 ||   309
Invok: Depart the Abyss  |     1 |       ||     1
       Bend Space        |     1 |       ||     1
Evoke: Wand              |       |     1 ||     1
  Use: Potion            |     1 |     2 ||     3
       Scroll            |       |    11 ||    11
 Stab: Distracted        |       |     3 ||     3
